 Dungeon Sprint DCSS version 0.31-a0-370-g25055926c8 (webtiles) character file.

Game seed: 2026125222402963734

4548 Conn the Thaumaturge (level 10, -17/59 HPs)
             Began as an Octopode Fire Elementalist on July 28, 2023.
             Was a Priest of Sif Muna.
             Demolished by Agnes
             ... wielding a +2 lajatang of speed
              (25 damage)
             ... in the Dungeon (Sprint IV: "Fedhas' Mad Dash").
             The game lasted 00:18:21 (2852 turns).

Conn the Thaumaturge (Octopode Fire Elementalist)   Turns: 2852, Time: 00:18:25

Health: -17/59     AC:  1    Str:  7    XL:     10   Next: 40%
Magic:  21/28      EV: 14    Int: 22    God:    Sif Muna [***...]
Gold:   216        SH:  0    Dex: 13    Spells: 16/38 levels left

rFire   . . .        j - +0 trident (protect)
rCold   . . .        (no shield)
rNeg    . . .        (helmet restricted)
rPois   .            e - amulet of invisibility {+Inv}
rElec   .            b - ring of see invisible
rCorr   .            (no ring)
SInv    +            (no ring)
Will    .....        (no ring)
Stlth   ++++         (no ring)
HPRegen 0.29/turn    (no ring)
MPRegen 0.21/turn    (no ring)
                     (no ring)

%: no teleportation
@: hasted, very quick
A: almost no armour, amphibious, 8 rings, camouflage 1, gelatinous body 1,
(nimble swimmer 1), tentacles
a: Renounce Religion, Evoke Invisibility, Channel Magic, Forget Spell


You were in the Dungeon.
You worshipped Sif Muna.
Sif Muna was most pleased with you.
You visited 1 branch You collected 216 gold pieces.

Inventory:

Hand Weapons
 g - a +1 short sword of holy wrath
 j - a +0 trident of protection (weapon)
Armour
 k - a +0 kite shield
Jewellery
 b - a ring of see invisible (left tentacle)
 e - the amulet of invisibility (around mantle) {+Inv}
   (You found it in the Dungeon)

   [amulet of nothing]

   +Inv:      It lets you turn invisible.
Wands
 f - a wand of mindburst (12)
Scrolls
 l - a scroll of silence
Potions
 a - 3 potions of magic
 c - 4 potions of heal wounds


   Skills:
 + Level 1.4 Fighting
 + Level 0.9 Short Blades
 + Level 0.4 Polearms
 + Level 4.5 Dodging
 + Level 5.9 Stealth
 - Level 1.2 Unarmed Combat
 * Level 14.8 Spellcasting
 + Level 8.5 Conjurations
 + Level 1.4 Hexes
 * Level 12.8 Fire Magic
 + Level 6.5 Invocations
 + Level 5.9 Evocations


You had 16 spell levels left.
You knew the following spells:

 Your Spells              Type           Power      Damage    Failure   Level
a - Foxfire               Conj/Fire      100%       2x1d9     1%          1
b - Scorch                Fire           100%       2d9       1%          2
c - Inner Flame           Hex/Fire       47%        N/A       1%          3
d - Flame Wave            Conj/Fire      58%        2d14      1%          4
e - Ignition              Fire           32%        3d10      77%         8
f - Sticky Flame          Conj/Fire      58%        2d7       1%          4

Your spell library contained the following spells:

 Spells                   Type           Power      Damage    Failure   Level
 Ignite Poison            Fire/Tmut/Pois 35%        N/A       1%          3
 Volatile Blastmotes      Fire/Tloc      88%        2d17      1%          3
 Sting                    Tmut/Pois      64%        1d6       3%          1
 Poisonous Vapours        Pois/Air       32%        N/A       5%          2
 Olgreb's Toxic Radiance  Pois           16%        N/A       36%         4


Dungeon Overview and Level Annotations

Branches:
Dungeon (1/1)

Altars:
Cheibriados
Dithmenos
Elyvilon
Gozag
Hepliaklqana
Kikubaaqudgha
Makhleb
Nemelex Xobeh
Okawaru
Qazlal
Ru
Sif Muna
Trog
Uskayaw
Vehumet
Wu Jian
Xom
Yredelemnul
Zin
The Shining One
Jiyva
Lugonu

Shops:
D [?*[:(

Annotations:
D Agnes


Innate Abilities, Weirdness & Mutations

You cannot wear most types of armour.
You are amphibious.
You can wear up to eight rings at the same time.
Your skin changes colour to match your surroundings (Stealth+).
Your rubbery body absorbs attacks. (AC +1, EV +1)
((You are camouflaged when in or above water. (Stealth+)))
You have tentacles for arms and can constrict up to eight enemies at once.


Message History

Unknown command.
Okay, then.
Okay, then.
Unknown command.
Unknown command.
Unknown command.
Okay, then.
Unknown command.
Casting: Flame Wave (dangerous; 1% risk of failure)
Confirm with . or Enter, or press ? or * to list all spells.
Aiming: Sticky Flame (dangerous; 1% risk of failure)
Press: ? - help, Shift-Dir - straight line, f - Agnes
Aim: Agnes, wielding a +2 lajatang of speed and wearing a +2 robe of cold resistance (flame, lightly wounded)
The sticky flame hits Agnes.
Agnes is lightly wounded.
Agnes is covered in liquid flames!
Agnes is engulfed in blazing flames.
The spriggan berserker is engulfed in blazing flames.
Unknown command.
Press: ? - help, v - describe, . - travel
Here: a spriggan berserker, wielding a +0 flail and wearing a +0 animal skin (flame, lightly wounded, berserk)
An open door.
Unknown command.
Unknown command.
Unknown command.
The air fills with toxic fumes!
As you read the scroll labelled DICWYTR OSHRUHI, it crumbles to dust.
It was a scroll of poison.
Agnes burns!
The spriggan berserker is engulfed in blazing flames.
The spriggan berserker hits you with a +0 flail.
Agnes closely misses you.
Agnes hits you with a +2 lajatang of speed!!
As you read the scroll labelled WOARIC SISOYMN, it crumbles to dust.
It is a scroll of identify.
l - a scroll of silence Agnes burns!
The spriggan berserker is engulfed in blazing flames.
The spriggan berserker hits you with a +0 flail!
* * * LOW HITPOINT WARNING * * *
Agnes hits you with a +2 lajatang of speed!!
You die...

###############################
.#.⌠._._._._.⌠.#.)'...#....##∩#
.'.._._._._._..[..#...#....'..#
.#..._._._._...#..###'##...##∩#
##.._._._._._..#.[##∩∩.'...####
.#._._._._._.⌠.#############
.###################§§§§..#
##.......♣.###§§§§§§§§§§..+
'.........♣##..#@i#.P.....#
#...)...♣..###.##i##.P....#
#..........'...#.§§########
################.§§§§ .♣§§♣§§.
.♣.§§§§§♣.. .. ♣§§§§§§§∩ ##
##### ###


You could see Agnes (burning) and a spriggan berserker (berserk).

Vanquished Creatures
  A spriggan druid (D)
  6 oklob plants (D)
  3 wandering mushrooms (D)
  3 burning bushes (D)
  A queen bee (D)
  3 scorpions (D)
  4 killer bees (D)
  5 oklob saplings (D)
  2 spriggans (D)
  A river rat (D)
  A rat (D)
  A ballistomycete spore (D)
31 creatures vanquished.

Vanquished Creatures (collateral kills)
  A foxfire (D)
1 creature vanquished.

Vanquished Creatures (others)
  29 foxfires (D)
29 creatures vanquished.

Grand Total: 61 creatures vanquished

Notes
Turn   | Place    | Note
-------+----------+-------------------------------------------
     0 | D        | Conn the Octopode Fire Elementalist began the quest for the
                  | Orb.
     0 | D        | Reached XP level 1. HP: 11/11 MP: 3/3
    10 | D        | Reached XP level 2. HP: 17/17 MP: 0/5
    16 | D        | Learned a level 2 spell: Scorch
    64 | D        | Noticed an oklob sapling
    67 | D        | Noticed a scorpion
    67 | D        | Found the amulet of invisibility {+Inv}
    79 | D        | Killed a scorpion
    80 | D        | Reached skill level 1 in Unarmed Combat
    80 | D        | Reached skill level 3 in Spellcasting
    80 | D        | Reached XP level 3. HP: 8/21 MP: 0/8
    80 | D        | Reached XP level 4. HP: 10/27 MP: 0/9
   157 | D        | Reached skill level 4 in Spellcasting
   183 | D        | Found an opulent altar of Gozag.
   183 | D        | Found a hazy altar of Hepliaklqana.
   183 | D        | Found a burning altar of Makhleb.
   183 | D        | Found a sparkling altar of Nemelex Xobeh.
   183 | D        | Found a snail-covered altar of Cheibriados.
   183 | D        | Found a sacrificial altar of Ru.
   183 | D        | Found a shimmering blue altar of Sif Muna.
   183 | D        | Found a shimmering altar of Xom.
   183 | D        | Found a basalt altar of Yredelemnul.
   184 | D        | Found a viscous altar of Jiyva.
   184 | D        | Found a bloodstained altar of Trog.
   184 | D        | Found an ornate altar of the Wu Jian Council.
   184 | D        | Noticed an oklob sapling priest
   185 | D        | Found an iron altar of Okawaru.
   185 | D        | Found a glowing silver altar of Zin.
   185 | D        | Found a shadowy altar of Dithmenos.
   186 | D        | Found a hide-covered altar of Uskayaw.
   186 | D        | Found an ancient bone altar of Kikubaaqudgha.
   187 | D        | Found a glowing golden altar of the Shining One.
   187 | D        | Found a stormy altar of Qazlal.
   187 | D        | Found a white marble altar of Elyvilon.
   188 | D        | Found a radiant altar of Vehumet.
   188 | D        | Found a corrupted altar of Lugonu.
   190 | D        | Became a worshipper of Sif Muna the Loreminder
   192 | D        | Killed an oklob sapling priest
   193 | D        | Reached skill level 5 in Stealth
   193 | D        | Reached skill level 1 in Evocations
   193 | D        | Reached XP level 5. HP: 31/31 MP: 7/12
   239 | D        | Reached skill level 5 in Spellcasting
   315 | D        | Learned a level 3 spell: Inner Flame
   320 | D        | Learned a level 4 spell: Flame Wave
   326 | D        | Reached * piety under Sif Muna
   330 | D        | Reached skill level 6 in Spellcasting
   330 | D        | Reached XP level 6. HP: 36/36 MP: 2/15
   435 | D        | Found Weuloirr's Magic Scroll Shop.
   435 | D        | Found Rufulera's Antique Armour Emporium.
   454 | D        | Noticed a burning bush
   454 | D        | Noticed a wandering mushroom
   461 | D        | Noticed a wandering mushroom
   464 | D        | Reached ** piety under Sif Muna
   465 | D        | Reached skill level 7 in Spellcasting
   468 | D        | Killed a wandering mushroom
   469 | D        | Reached skill level 8 in Spellcasting
   469 | D        | Reached skill level 5 in Conjurations
   469 | D        | Reached skill level 1 in Hexes
   469 | D        | Reached XP level 7. HP: 26/41 MP: 2/19
   589 | D        | Killed a wandering mushroom
   590 | D        | Reached skill level 10 in Spellcasting
   590 | D        | HP: 1/41 [burning bush/puff of flame (10)]
   880 | D        | Killed a burning bush
   881 | D        | Reached skill level 1 in Invocations
   881 | D        | Reached XP level 8. HP: 26/46 MP: 10/22
   944 | D        | Found Buromah's Antique Weapon Emporium.
   944 | D        | Found Ulozigyd's Book Shoppe.
   989 | D        | Reached *** piety under Sif Muna
  1004 | D        | Noticed a queen bee
  1014 | D        | Reached skill level 11 in Spellcasting
  1014 | D        | Reached skill level 10 in Fire Magic
  1020 | D        | Killed a queen bee
  1020 | D        | Reached **** piety under Sif Muna
  1211 | D        | Noticed an oklob plant
  1222 | D        | Killed an oklob plant
  1223 | D        | Reached skill level 1 in Fighting
  1223 | D        | Reached skill level 12 in Spellcasting
  1223 | D        | Reached XP level 9. HP: 53/53 MP: 2/25
  1340 | D        | Noticed a burning bush
  1777 | D        | Killed a burning bush
  1910 | D        | Noticed a burning bush
  1910 | D        | Noticed an oklob plant
  1923 | D        | Killed a burning bush
  1924 | D        | Reached skill level 5 in Evocations
  2042 | D        | Noticed a wandering mushroom
  2054 | D        | Killed a wandering mushroom
  2055 | D        | Reached skill level 13 in Spellcasting
  2198 | D        | Killed an oklob plant
  2199 | D        | Reached skill level 5 in Invocations
  2201 | D        | Reached ***** piety under Sif Muna
  2457 | D        | Noticed a spriggan druid
  2460 | D        | Killed a spriggan druid
  2461 | D        | Reached skill level 14 in Spellcasting
  2461 | D        | Reached XP level 10. HP: 42/58 MP: 16/28
  2553 | D        | Killed an oklob plant conjurer
  2553 | D        | Received a gift from Sif Muna
  2571 | D        | Learned a level 8 spell: Ignition
  2666 | D        | Noticed an oklob plant
  2666 | D        | Noticed an oklob plant summoner
  2676 | D        | Killed an oklob plant
  2678 | D        | Killed an oklob plant summoner
  2679 | D        | Noticed an oklob plant shifter
  2809 | D        | Killed an oklob plant shifter
  2826 | D        | Learned a level 4 spell: Sticky Flame
  2845 | D        | Noticed Agnes
  2847 | D        | Noticed a spriggan berserker
  2847 | D        | Found Jyeromni's Assorted Antiques.
  2847 | D        | Found Uthronur's Armour Shoppe.
  2852 | D        | Demolished by Agnes

Illustrated notes

Levels and vault maps discovered:
D:        dungeon_sprint_fedhas [sprint_temple]

Skill      XL: |  1  2  3  4  5  6  7  8  9 10 |
---------------+-------------------------------+-----
Stealth        | 3 4 5 |  5.9
Fire Magic     | 4 6 7 8 9 10 11 12 | 12.8
Dodging        | 3 4 |  4.5
Unarmed Combat | 1 |  1.2
Spellcasting   | 3 4 6 8 10 12 14 | 14.8
Conjurations   | 2 3 5 7 8 |  8.5
Evocations     | 1 2 4 5 |  5.9
Hexes          | 1 |  1.4
Invocations    | 1 3 5 6 |  6.5
Fighting       | 1 |  1.4
Short Blades   | |  0.9
Polearms       | |  0.4

Action                     |  1- 3 |  4- 6 |  7- 9 | 10-12 || total
---------------------------+-------+-------+-------+-------++-------
  Melee: Unarmed           |     8 |       |       |       ||     8
         Tentacles         |     1 |     1 |       |       ||     2
         Constrict         |     1 |     1 |       |       ||     2
         Short sword       |       |     2 |     1 |       ||     3
         Trident           |       |       |    20 |       ||    20
   Cast: Foxfire           |     4 |     6 |     3 |     4 ||    17
         Scorch            |     2 |    16 |    99 |     5 ||   122
         Inner Flame       |       |     1 |       |     2 ||     3
         Flame Wave        |       |       |     7 |     5 ||    12
         Ignition          |       |       |       |     2 ||     2
         Sticky Flame      |       |       |       |     1 ||     1
 Invoke: Channel Magic     |       |       |     1 |       ||     1
         Divine Exegesis   |       |       |       |     2 ||     2
Ability: Evoke Invisibilit |       |     4 |     8 |     2 ||    14
    Use: Potion            |     1 |       |     1 |     1 ||     3
         Scroll            |       |       |     1 |     2 ||     3
   Stab: Invisible         |       |     1 |       |       ||     1
  Dodge: Dodged            |     7 |     1 |    12 |     1 ||    21

Table legend: (Time is in decaauts)
 A = Elapsed time spent in this place.
 B = Non-inter-level travel time spent in this place.
 C = Inter-level travel time spent in this place.
 D = Time resting spent in this place.
 E = Time spent auto-exploring this place.
 F = Levels seen in this place.
 G = Mean time per level.
                   A        B        C        D        E       F      G
               +--------+--------+--------+--------+--------+-----+--------+
         Total |   2863 |   2863 |      0 |   2139 |      0 |   1 | 2863.0 |
       Dungeon |   2863 |   2863 |      0 |   2139 |      0 |   1 | 2863.0 |
               +--------+--------+--------+--------+--------+-----+--------+

Top non-repeatable levels by time:
       D: 2863 daAuts
